 Dungeon Crawl Stone Soup version 0.21-a0-521-g1cd18d1 (webtiles) character file.

6978 Gerstahl the Martial Artist (level 10, 0/80 HPs)
             Began as a Demonspawn Transmuter on Dec 5, 2017.
             Succumbed to a spiny frog's poison
             ... on level 1 of the Lair of Beasts.
             The game lasted 00:20:18 (8744 turns).

Gerstahl the Martial Artist (Demonspawn Transmuter) Turns: 8744, Time: 00:20:19

Health: 0/80       AC:  7    Str: 21 (22) XL:     10   Next: 81%
Magic:  21/21      EV: 12    Int: 15      God:    Xom [.....*]
Gold:   265        SH:  0    Dex: 14      Spells: 18/24 levels left

rFire    + . .     SeeInvis .   c - book of Changes
rCold    + + +     Gourm    .   (no shield)
rNeg     . . .     Faith    .   q - +3 leather armour {rC+}
rPois    +         Spirit   .   (helmet restricted)
rElec    +         Reflect  .   y - +0 cloak of Too Many Cooks {+Blink rC+ Str+4}
rCorr    +         Harm     .   (no gloves)
MR       .....                  (boots currently unavailable)
Stlth    +.........             x - amulet of rage
HPRegen  0.23/turn              (no ring)
MPRegen  0.17/turn              (no ring)

@: mighty, lethally poisoned (0 -> -5), appendage (expiring), resistant
A: horns 2, talons 3, blurry vision 1, deterioration 1, foul stench 1, spiny 1,
rot immunity
a: End Transformation, Renounce Religion, Evoke Blink, Evoke Berserk Rage


You were on level 1 of the Lair of Beasts.
You worshipped Xom.
You were Xom's teddy bear.
You were not hungry.
You had grown temporary talons.
You visited 3 branches of the dungeon, and saw 10 of its levels.
You also visited: Sewer.

You collected 325 gold pieces.
You spent 60 gold pieces at shops.

Inventory:

Missiles
 a - 52 arrows
 v - 4 silver tomahawks (quivered)
Armour
 b - a +0 robe
 i - a scarf of resistance
 p - a +0 scale mail
 q - a +3 leather armour of cold resistance (worn)
 y - the +0 cloak of Too Many Cooks (worn) {+Blink rC+ Str+4}
   (You found it on level 4 of the Dungeon)

   It affects your strength (+4).
   It protects you from cold.
   It lets you blink.
Jewellery
 r - a +6 amulet of reflection
 x - an amulet of rage (around neck)
Wands
 o - a wand of flame (32)
 w - a wand of disintegration (13)
 F - a wand of random effects (34)
Scrolls
 e - 3 scrolls of magic mapping
 f - 18 scrolls of identify
 h - a scroll of random uselessness
 j - a scroll of fear
 k - a scroll of amnesia
 l - a scroll of enchant armour
 n - 2 scrolls of teleportation
 s - a scroll of fog
 t - 2 scrolls of remove curse
Potions
 B - a potion of resistance
Books
 c - a book of Changes (in hand)

   Spells                             Type                      Level
   a - Beastly Appendage              Transmutation                1
   b - Sticks to Snakes               Transmutation                2
   c - Spider Form                    Transmutation/Poison         3
   d - Ice Form                       Ice/Transmutation            4
   e - Blade Hands                    Transmutation                5
 C - a book of Maledictions

   Spells                             Type                      Level
   a - Corona                         Hexes                        1
   b - Ensorcelled Hibernation        Hexes/Ice                    2
   c - Confuse                        Hexes                        3
   d - Tukima's Dance                 Hexes                        3
   e - Dazzling Spray                 Conjuration/Hexes            3
Comestibles
 d - 11 bread rations
 g - 3 fruits
 D - 5 royal jellies
 G - a meat ration


   Skills:
 - Level 8.1 Fighting
 - Level 1.7 Dodging
 - Level 8.5 Unarmed Combat
 + Level 7.9 Spellcasting
 + Level 7.8 Transmutations


You had 18 spell levels left.
You knew the following spells:

 Your Spells              Type           Power        Failure   Level  Hunger
a - Beastly Appendage     Tmut           ####..       1%          1    None
b - Blade Hands           Tmut           ####......   16%         5    #####..


Dungeon Overview and Level Annotations

Branches:
Dungeon (8/15)             Temple (1/1) D:4            Lair (1/6) D:8

Altars:
Ashenzari
Cheibriados
Dithmenos
Elyvilon
Fedhas
Gozag
Hepliaklqana
Kikubaaqudgha
Makhleb
Nemelex Xobeh
Okawaru
Qazlal
Ru
Sif Muna
Trog
Uskayaw
Vehumet
Wu Jian
Xom
Yredelemnul
Zin
The Shining One

Shops:
D:5 (   D:7 ?[


Innate Abilities, Weirdness & Mutations

You have a pair of horns on your head.
You may emit foul miasma when damaged in melee.
You are partially covered in sharp spines.
You are immune to rotting.
You have claws for feet.
Scrolls take you a little longer to read.
Your body sometimes deteriorates upon taking damage.


Message History

The yak is almost dead.
* * * LOW HITPOINT WARNING * * *
You feel sick. You block the yak's attack.
You punch the yak!
You kill the yak!
* * * LOW HITPOINT WARNING * * *
You feel sick.
There is a lethal amount of poison in your body!
Okay, then.
Okay, then.
You feel protected.
* * * LOW HITPOINT WARNING * * *
You feel sick.
There is a lethal amount of poison in your body!
You remove your +6 amulet of reflection.
x - an amulet of rage (around neck) Wield which item (- for none, * to show all)? (? for menu, Esc to quit)
c - a book of Changes (in hand)
You die...
Xom titters!

#.##.## . ###..P### ..
##....# ... ##....##
.... ##..#...# ..Y.
######P.#...##
#..#####.##.#..P...##
#...#....##........#
####.††....@.......##
###.........†.......##
#P..............#####
#...............##
..................(.###
#....##.............#.#
.##...##.............##
..#...#.............##
.##....#.#............#


There were no monsters in sight!

Vanquished Creatures
  A hydra (Lair:1)
  2 spiny frogs (Lair:1)
  2 komodo dragons (Lair:1)
  2 slime creatures (D:7)
  A hippogriff (Lair:1)
  Sigmund (D:6)
  3 yaks (Lair:1)
  A human (D:7)
  2 hogs (D:7)
  The ghost of darxusza the Shield-Bearer, an amateur HuFi (D:3)
  2 water moccasins (Lair:1)
  2 hell hounds (D:8)
  A sky beast (D:6)
  2 phantoms
  3 ogres
  A crocodile (Lair:1)
  7 big kobolds
  10 bullfrogs
  2 wyvern skeletons
  3 scorpions
  2 howler monkeys
  A centaur zombie (D:7)
  A bullfrog zombie (D:6)
  Crazy Yiuf (D:4)
  4 hounds
  7 jellies
  2 orc wizards (D:7)
  2 orc priests (D:7)
  A bullfrog skeleton (D:7)
  An iguana (D:7)
  A worker ant (D:4)
  8 adders
  3 river rats (Sewer)
  6 oozes
  7 worms
  2 dart slugs
  2 leopard geckos
  8 orcs
  4 giant cockroaches
  2 goblins (D:2)
  7 hobgoblins
  3 jackals
  3 quokkas
  6 ball pythons
  5 bats
  5 frilled lizards
  11 kobolds
  16 rats
170 creatures vanquished.

Vanquished Creatures (collateral kills)
  2 hogs (D:7)
  A porcupine (Lair:1)
  A bullfrog (Lair:1)
4 creatures vanquished.

Vanquished Creatures (others)
  An orc wizard (D:7)
  4 fungi (D:7)
  8 toadstools (D:7)
13 creatures vanquished.

Grand Total: 187 creatures vanquished

Notes
Turn   | Place    | Note
-------+----------+-------------------------------------------
     0 | D:1      | Gerstahl the Demonspawn Transmuter began the quest for the Orb.
     0 | D:1      | Reached XP level 1. HP: 15/15 MP: 3/3
   257 | D:1      | Gained mutation: You have a pair of small horns on your head. [demonic ancestry]
   257 | D:1      | Reached XP level 2. HP: 17/21 MP: 5/5
  1072 | D:2      | Gained mutation: You are immune to rotting. [demonic ancestry]
  1072 | D:2      | Reached XP level 3. HP: 16/27 MP: 6/6
  1725 | D:2      | Found a bloodstained altar of Trog.
  2058 | D:3      | Noticed darxusza's ghost (amateur HuFi)
  2105 | D:3      | Found a glowing drain.
  2127 | D:3      | You fall through a shaft!
  2134 | D:4      | Noticed an ogre
  2193 | D:3      | Reached XP level 4. HP: 23/34 MP: 7/7
  2266 | D:3      | Killed darxusza's ghost
  2266 | D:3      | Reached XP level 5. HP: 39/42 MP: 8/8
  2309 | Sewer    | Entered a sewer
  2455 | Sewer    | Gained mutation: You are partially covered in sharp spines. [demonic ancestry]
  2455 | Sewer    | Reached XP level 6. HP: 42/48 MP: 9/9
  2644 | Sewer    | Learned a level 5 spell: Blade Hands
  2695 | Sewer    | Reached skill level 5 in Unarmed Combat
  2728 | Sewer    | Reached XP level 7. HP: 36/55 MP: 11/11
  3631 | D:4      | Found a shadowy altar of Dithmenos.
  3649 | D:4      | Found a staircase to the Ecumenical Temple.
  3810 | Temple   | Entered the Ecumenical Temple
  3820 | Temple   | Became a worshipper of Xom the Psychotic
  3960 | D:4      | Got a shimmering cloak
  3971 | D:4      | Identified the cursed +0 cloak of Too Many Cooks {+Blink rC+ Str+4} (You found it on level 4 of the Dungeon)
  4010 | D:4      | Reached skill level 5 in Fighting
  4171 | D:4      | XOM: mild Hex miscast
  4285 | D:4      | Found a runed door.
  4322 | D:4      | Noticed Crazy Yiuf
  4329 | D:4      | Killed Crazy Yiuf
  4506 | D:4      | XOM: harmless Pois miscast
  4518 | D:5      | Entered Level 5 of the Dungeon
  4534 | D:5      | Found Nuilloph's Antique Weapon Boutique.
  4577 | D:5      | XOM: cloud trail
  4703 | D:5      | Reached XP level 8. HP: 53/63 MP: 13/13
  4737 | D:5      | XOM: mild Tmut miscast
  4827 | D:5      | Found a stormy altar of Qazlal.
  4953 | D:5      | XOM: silly message
  5020 | D:6      | Noticed Sigmund
  5036 | D:6      | XOM: fog
  5036 | D:6      | Killed Sigmund
  5207 | D:6      | XOM: give mutations
  5207 | D:6      | Gained mutation: Scrolls take you a little longer to read. [Xom's mischief]
  5207 | D:6      | Gained mutation: Your body sometimes deteriorates upon taking damage. [Xom's mischief]
  5371 | D:6      | XOM: cloud trail
  5444 | D:6      | Found a glowing golden altar of the Shining One.
  5444 | D:6      | Found a shattered altar of Ashenzari.
  5445 | D:6      | XOM: divination: detect items
  5450 | D:6      | Found a radiant altar of Vehumet.
  5450 | D:6      | Found a stormy altar of Qazlal.
  5450 | D:6      | Found a glowing silver altar of Zin.
  5770 | D:7      | XOM: potion effect (berserk rage)
  5778 | D:7      | XOM: harmless Conj miscast
  5779 | D:7      | Reached skill level 5 in Spellcasting
  5793 | D:7      | Gained mutation: You have a pair of horns on your head. [demonic ancestry]
  5793 | D:7      | Reached XP level 9. HP: 71/71 MP: 16/16
  5825 | D:7      | Found Ludink's Antique Armour Shop.
  5846 | D:7      | Found Eweufug's Magic Scroll Shop.
  5857 | D:7      | Reached skill level 5 in Transmutations
  6084 | D:7      | Bought a scroll of identify for 20 gold pieces
  6084 | D:7      | Bought a scroll of identify for 20 gold pieces
  6084 | D:7      | Bought a scroll of identify for 20 gold pieces
  6152 | D:7      | XOM: harmless Chrm miscast
  6166 | D:7      | XOM: enchant monster (good)
  6171 | D:7      | XOM: divination: detect creatures
  6227 | D:7      | XOM: harmless Hex miscast
  6291 | D:7      | XOM: mild Tmut miscast
  6644 | D:7      | XOM: summons 8 friendly demons
  6950 | D:7      | XOM: summons 1 hostile shadow creature
  6966 | D:7      | Found a bloodstained altar of Trog.
  7008 | D:8      | Found a staircase to the Lair.
  7009 | D:8      | XOM: 1-stop teleportation journey
  7091 | D:8      | XOM: stat loss: -1 Str (16/17)
  7096 | D:8      | Gained mutation: You may emit foul miasma when damaged in melee. [demonic ancestry]
  7096 | D:8      | Reached XP level 10. HP: 14/80 MP: 19/19
  7168 | D:8      | XOM: summons 1 hostile demon
  7408 | Lair:1   | Entered Level 1 of the Lair of Beasts
  7482 | Lair:1   | Noticed a four-headed hydra
  7490 | Lair:1   | XOM: summons 5 friendly demons
  7493 | Lair:1   | Killed a four-headed hydra
  7596 | Lair:1   | Found a labyrinth entrance.
  7596 | Lair:1   | XOM: 8-stop teleportation journey
  7678 | Lair:1   | Noticed a spiny frog
  7684 | Lair:1   | XOM: cleaving
  7691 | Lair:1   | HP: 1/80 [porcupine's spines (13)]
  7692 | Lair:1   | XOM: cast spell 'Summon Mana Viper'
  7698 | Lair:1   | Killed a spiny frog
  8131 | Lair:1   | XOM: cleaving
  8160 | Lair:1   | XOM: god gift: scale mail {god gift}
  8492 | Lair:1   | XOM: cloud trail
  8582 | Lair:1   | XOM: god gift: 4 silver tomahawks
  8711 | Lair:1   | Noticed a spiny frog
  8723 | Lair:1   | Killed a spiny frog
  8737 | Lair:1   | HP: 4/80 [yak (11)]
  8741 | Lair:1   | HP: 1/80 [poisoned by a spiny frog]
  8744 | Lair:1   | Succumbed to a spiny frog's poison

Vault maps used:
D:1:      mrwooster_arrival_statue_2, minmay_cupped
D:2:      lemuel_coloured_pillars_altar
D:3:      cheibrodos_sewer_entry_bend
D:4:      minmay_temple_entry_crystal_x, grunt_dithmenos_smoke_and_mirrors,
          uniq_crazy_yiuf_cottage
D:5:      serial_shops, nicolae_shop_competitors_out_of_business, first_bread,
          basic_altar, kennysheep_generic_room_4
D:6:      grunt_temple_overflow_open, uniq_sigmund
D:7:      cheibrodos_fertilizer, serial_shops, nicolae_shop_behind_doors,
          nicolae_shop_stone, grunt_livestock, trog_book
D:8:      minmay_lair_entry_lava, nrook_mini_backslash, dk_rats_in_the_wall
Temple:   nicolae_temple_x_marks_the_god
Lair:1:   lab_entry_generic, grunt_megastairs_5
Sewer:    sewer_co_tree

Skill      XL: |  1  2  3  4  5  6  7  8  9 10 |
---------------+-------------------------------+-----
Unarmed Combat | 3 4 5 6 7 8 |  8.5
Fighting       | 2 3 4 5 6 7 8 |  8.1
Transmutations | 2 3 4 6 7 |  7.8
Spellcasting   | 3 5 6 7 |  7.9
Dodging        | |  1.7

Action                   |  1- 3 |  4- 6 |  7- 9 | 10-12 || total
-------------------------+-------+-------+-------+-------++-------
Melee: Unarmed           |   128 |   112 |   298 |    82 ||   620
       Headbutt          |    18 |    14 |    69 |    17 ||   118
       Kick              |     9 |    10 |    52 |    19 ||    90
       Punch             |     2 |     2 |    11 |     1 ||    16
 Cast: Beastly Appendage |     6 |     4 |    20 |     7 ||    37
  Use: Potion            |     3 |     1 |       |    10 ||    14
       Scroll            |     1 |       |       |    10 ||    11
 Stab: Sleeping          |     2 |       |       |       ||     2
       Petrified         |       |       |     3 |       ||     3
       Distracted        |       |       |     1 |       ||     1
  Eat: Meat ration       |     1 |       |     1 |       ||     2
       Chunk             |       |     1 |     8 |     5 ||    14
       Fruit             |       |       |     2 |       ||     2
Armor: Robe              |    13 |       |       |       ||    13
       Leather armour    |    12 |    18 |    34 |    22 ||    86
       Skin              |       |    11 |       |       ||    11
Dodge: Dodged            |    77 |    40 |   107 |    49 ||   273
Block: Other             |    15 |    22 |    60 |    21 ||   118
       Reflection        |       |     1 |     2 |       ||     3

Table legend:
 A = Spawn XP
 B = Non-spawn XP
 C = Spawn XP percentage of total XP
 D = Spawn monster count
 E = Non-spawn monster count
 F = Spawn count percentage of total count
 G = Total turns spent on level
                    A         B        C        D         E        F      G
               +---------+---------+-------+---------+---------+-------+---------
         Total |       0 |    9969 |   0.0 |       0 |     175 |   0.0 |  8744
               +---------+---------+-------+---------+---------+-------+---------
           D:1 |       0 |      26 |   0.0 |       0 |      18 |   0.0 |   916
           D:2 |       0 |      46 |   0.0 |       0 |      14 |   0.0 |  1081
           D:3 |       0 |     364 |   0.0 |       0 |      21 |   0.0 |   772
           D:4 |       0 |     328 |   0.0 |       0 |       9 |   0.0 |   917
           D:5 |       0 |     173 |   0.0 |       0 |       6 |   0.0 |   451
           D:6 |       0 |    1143 |   0.0 |       0 |      12 |   0.0 |   799
           D:7 |       0 |    2569 |   0.0 |       0 |      45 |   0.0 |  1232
           D:8 |       0 |     357 |   0.0 |       0 |       3 |   0.0 |   408
        Lair:1 |       0 |    4435 |   0.0 |       0 |      19 |   0.0 |  1336
         Sewer |       0 |     528 |   0.0 |       0 |      28 |   0.0 |   799
               +---------+---------+-------+---------+---------+-------+---------
